 Dungeon Sprint DCSS version 0.16-a0-4092-gb8933cd (console) character file.

1796 Monkaria the Severer (level 8, -3/87 HPs)
             Began as a Deep Dwarf Fighter on Feb 24, 2015.
             Was a High Priest of Makhleb.
             Slain by a black mamba (8 damage)
             ... in the Dungeon (Sprint V: "Ziggurat Sprint").
             The game lasted 00:05:58 (216 turns).

Monkaria the Severer (Deep Dwarf Fighter)            Turns: 216, Time: 00:05:59

Health: -3/87      AC:  6    Str: 34    XL:     8   Next: 83%
Magic:  8/8        EV: 10    Int: 10    God:    Makhleb [*****.]
Gold:   0          SH:  0    Dex: 14    Spells: 0 memorised, 7 levels left

rFire  + . .     SeeInvis +     R - +14 obsidian axe {chop, +Fly Str+3 SInv Curse} (curse)
rCold  + . .     Clarity  .     b - +0 scale mail
rNeg   . . .     SustAb   .     (no shield)
rPois  +         Gourm    .     (no helmet)
rElec  +         Spirit   .     (no cloak)
rCorr  +         Warding  .     (no gloves)
rMut   .         NoTele   +     (no boots)
MR     +....                    (no amulet)
Stlth  ..........               I - +6 ring of strength
                                H - +6 ring of strength

@: lethally poisoned (-3 -> -23), resistant, mesmerised, non-regenerating,
somewhat resistant to hostile enchantments, extremely unstealthy
A: damage resistance, recharge devices, sense surroundings 1, slow healing 3
a: Device Recharging, Minor Destruction, Lesser Servant of Makhleb, Major
Destruction, Greater Servant of Makhleb, Renounce Religion, Evoke Flight


You were in the Dungeon.
You worshipped Makhleb.
Makhleb was extremely pleased with you.
You were not hungry.

You visited 1 branch

Inventory:

Hand weapons
 O - the +0 Sword of Power
   (You found it in the Dungeon)
 P - the +14 plutonium sword {Contam Stlth-}
   (You found it in the Dungeon)

   It causes magical contamination when unequipped.
   It makes you less stealthy.
 Q - the +15 heavy crossbow "Sniper" {velocity, SInv}
   (You found it in the Dungeon)

   Any bolt fired from it inflicts extra damage.
   It enhances your eyesight.
 R - the cursed +14 obsidian axe (weapon) {chop, +Fly Str+3 SInv Curse}
   (You found it in the Dungeon)

   It inflicts extra damage upon your enemies.
   It affects your strength (+3).
   It enhances your eyesight.
   It lets you fly.
   It may recurse itself when equipped.
   It has a curse placed upon it.
 T - a +5 executioner's axe
 U - a +4 demon blade of flaming
Missiles
 S - 1000 bolts
Armour
 b - a +0 scale mail (worn)
 m - a +5 crystal plate armour
 n - a +5 gold dragon armour
Jewellery
 s - an uncursed ring of invisibility
 D - a +6 ring of dexterity
 E - a +6 ring of dexterity
 F - a +6 ring of intelligence
 G - a +6 ring of intelligence
 H - a +6 ring of strength (left hand)
 I - a +6 ring of strength (right hand)
 J - an uncursed ring of flight
Magical devices
 d - a wand of heal wounds (2)
 K - a wand of disintegration (7)
 L - a wand of fire (5)
 M - a wand of cold (5)
 N - a wand of draining (5)
Scrolls
 l - 4 scrolls of blinking
 u - 4 scrolls of amnesia
 v - a scroll of recharging
 w - 7 scrolls of fog
 x - a scroll of holy word
 y - 5 scrolls of identify
 z - 5 scrolls of remove curse
 A - 2 scrolls of fear
Potions
 e - 6 potions of might
 g - 9 potions of curing
 h - 9 potions of heal wounds
 i - 6 potions of haste
 j - 7 potions of magic
 k - 3 potions of berserk rage
 o - 2 potions of brilliance
 p - 2 potions of invisibility
 q - 2 potions of restore abilities
 r - 3 potions of resistance
 t - 4 potions of agility
Comestibles
 f - 5 bread rations
 B - 42 fruits
 C - 4 meat rations


   Skills:
 - Level 10.5 Fighting
 * Level 17.0 Axes
 - Level 3.2 Armour
   Level 3.2 Shields


You had 7 spell levels left.
You didn't know any spells.

Dungeon Overview and Level Annotations

Branches:
Dungeon (1/1)

Altars:
Ashenzari
Cheibriados
Dithmenos
Elyvilon
Fedhas
Gozag
Kikubaaqudgha
Makhleb
Nemelex Xobeh
Okawaru
Qazlal
Ru
Sif Muna
Trog
Vehumet
Xom
Yredelemnul
Zin
The Shining One
Beogh
Jiyva
Lugonu


Innate Abilities, Weirdness & Mutations

You are resistant to damage.
You can recharge devices by infusing magical energy.
You passively map a small area around you.
You do not heal naturally.


Message History

The black mamba misses you. The naga mage barely misses you.
The black mamba completely misses you. The naga hits you with a mace!
The naga barely misses you. The black mamba bites you.
You are more poisoned.
The black mamba poisons you!
Drink which item? (? for menu, Esc to quit)
You feel protected.
Visions of slaying the black mamba flood into your mind.
You feel very sick. The black mamba bites you!
* * * LOW HITPOINT WARNING * * *
The naga mage hits you from afar with a +3 glaive of chopping!
* * * LOW HITPOINT WARNING * * *
The black mamba bites you!
* * * LOW HITPOINT WARNING * * *
The naga spits poison at you. The splash of poison hits you!
You are more poisoned.
You resist. The black mamba bites you!
You die...

,8 8 ,
..8©8 * ,
, ,, ,
▓..)=)..▓
, , ,
▓..|}}..▓
,
▓.......▓
, , ,
▓.......▓
,
▓.......▓
,
▓N......▓
,▓S▓S..▓.▓
,,
▓.@N....▓
*▓▓▓▓▓▓▓▓▓
, 8©8, ,,
,, , , , ,
, * , , ,
*, ,


You could see 2 black mambas, a naga mage and a naga.

Vanquished Creatures
  A thrashing horror (D)
  A sixfirhy (D)
  A black mamba (D)
  A jumping spider (D)
  A tarantella (D)
  2 necrophages (D)
  A small abomination (D)
  4 scorpions (D)
  A crimson imp (D)
  2 iguanas (D)
  A river rat (D)
  3 giant mites (D)
  A white imp (D)
20 creatures vanquished.

Notes
Turn   | Place    | Note
--------------------------------------------------------------
     0 | D        | Monkaria, the Deep Dwarf Fighter, began the quest for the Orb.
     0 | D        | Reached XP level 1. HP: 20/20 MP: 1/1
     0 | D        | Found a basalt altar of Yredelemnul.
     0 | D        | Found an iron altar of Okawaru.
     3 | D        | Found a radiant altar of Vehumet.
     3 | D        | Found a shimmering altar of Xom.
     5 | D        | Found a corrupted altar of Lugonu.
     5 | D        | Found a burning altar of Makhleb.
     6 | D        | Found a viscous altar of Jiyva.
     6 | D        | Found a white marble altar of Elyvilon.
     8 | D        | Found a sparkling altar of Nemelex Xobeh.
     8 | D        | Found a deep blue altar of Sif Muna.
    12 | D        | Found a bloodstained altar of Trog.
    60 | D        | Became a worshipper of Makhleb the Destroyer
    66 | D        | Reached skill level 4 in Fighting
    66 | D        | Reached skill level 6 in Axes
    66 | D        | Reached XP level 2. HP: 25/31 MP: 2/2
    67 | D        | Entered arena 1.
    67 | D        | Noticed a necrophage
    67 | D        | Noticed a necrophage
    73 | D        | Killed a necrophage
    73 | D        | Reached skill level 9 in Axes
    73 | D        | Reached XP level 3. HP: 19/40 MP: 3/3
    73 | D        | Reached XP level 4. HP: 22/48 MP: 4/4
    75 | D        | Killed a necrophage
    75 | D        | Reached skill level 10 in Axes
    75 | D        | Reached XP level 5. HP: 25/56 MP: 5/5
    85 | D        | Entered arena 2.
    85 | D        | Noticed an iguana
    85 | D        | Noticed an iguana
    88 | D        | Acquired Makhleb's first power
    90 | D        | Killed an iguana
    90 | D        | Reached skill level 11 in Axes
    98 | D        | Killed an iguana
    98 | D        | Acquired Makhleb's second power
   104 | D        | Entered arena 3.
   104 | D        | Noticed a small abomination
   104 | D        | Noticed a crimson imp
   104 | D        | Noticed a thrashing horror
   118 | D        | Killed a crimson imp
   118 | D        | Reached XP level 6. HP: 26/66 MP: 6/6
   120 | D        | Killed a small abomination
   120 | D        | Reached skill level 12 in Axes
   125 | D        | Killed a thrashing horror
   125 | D        | Reached skill level 14 in Axes
   125 | D        | Reached XP level 7. HP: 42/76 MP: 7/7
   148 | D        | Entered arena 4.
   148 | D        | Noticed a tarantella
   148 | D        | Noticed a scorpion
   150 | D        | Killed a tarantella
   150 | D        | Acquired Makhleb's third power
   150 | D        | Reached skill level 15 in Axes
   150 | D        | Reached XP level 8. HP: 46/86 MP: 8/8
   152 | D        | Killed a scorpion
   152 | D        | Reached skill level 10 in Fighting
   154 | D        | Acquired Makhleb's fourth power
   168 | D        | Entered arena 5.
   168 | D        | Noticed a jumping spider
   168 | D        | Noticed a scorpion
   168 | D        | Noticed a scorpion
   168 | D        | Noticed a scorpion
   170 | D        | Noticed a sixfirhy
   171 | D        | Killed a scorpion
   171 | D        | Killed a jumping spider
   171 | D        | Reached skill level 16 in Axes
   171 | D        | Acquired Makhleb's fifth power
   174 | D        | Killed a scorpion
   174 | D        | Killed a scorpion
   185 | D        | Killed a sixfirhy
   205 | D        | Entered arena 6.
   205 | D        | Noticed a naga mage
   205 | D        | Noticed a black mamba
   205 | D        | Noticed a naga
   205 | D        | Noticed a black mamba
   205 | D        | Noticed a black mamba
   209 | D        | Killed a black mamba
   209 | D        | Reached skill level 17 in Axes
   216 | D        | Slain by a black mamba

Action                   |  1- 3 |  4- 6 |  7- 9 || total
-------------------------+-------+-------+-------++-------
Melee: War axe           |     5 |    26 |       ||    31
       Broad axe         |       |       |    20 ||    20
Invok: Minor Destruction |       |     1 |       ||     1
Evoke: Wand              |       |     5 |     5 ||    10
  Use: Potion            |     1 |     1 |     3 ||     5
       Scroll            |       |       |     2 ||     2
